 Dungeon Crawl Stone Soup version 0.31.0-11-ge490571c62 (webtiles) character file.

Game seed: 13395582194377304997

268 qw the Skirmisher (level 6, -8/34 (36) HPs)
             Began as a Deep Elf Hunter on Feb 3, 2024.
             Mangled by a wight
             ... wielding a +3 battleaxe
              (15 damage)
             ... on level 4 of the Dungeon.
             The game lasted 00:00:11 (2104 turns).

qw the Skirmisher (Deep Elf Hunter)                 Turns: 2104, Time: 00:00:12

HP:   -8/34 (36)    AC:  7    Str: 10    XL:     6   Next: 1%
MP:   7/7           EV: 11    Int: 12    God:
Gold: 164           SH:  0    Dex: 18    Spells: 5/5 levels left

rFire   . . .        a - +2 shortbow
rCold   . . .        (shield currently unavailable)
rNeg    . . .        f - +0 ring mail
rPois   .            (no helmet)
rElec   .            k - +0 cloak
rCorr   .            l - +0 pair of gloves
SInv    .            (no boots)
Will    .....        d - amulet of regeneration
Stlth   +            (no ring)
HPRegen 1.05/turn    (no ring)
MPRegen 0.10/turn

%: clarity
@: drained
A: clarity, dopey 1, low MP 1, noise suppression, persistent drain
a: no special abilities


You were on level 4 of the Dungeon.
You visited 1 branch of the dungeon, and saw 4 of its levels.

You collected 164 gold pieces.


Innate Abilities, Weirdness & Mutations

You possess an exceptional clarity of mind.
You are dopey. (Int -2)
Your magical capacity is low. (-10% MP)
You passively dampen the noise of your surroundings.
Your health recovers twice as slowly from being drained.


   Skills:
 - Level 2.3 Fighting
 - Level 9.1 Ranged Weapons
 + Level 0.0 Armour
 - Level 2.4 Dodging
 - Level 1.2 Stealth


You had 5 spell levels left.
You didn't know any spells.
Your spell library was empty.

Inventory:

Hand Weapons
 a - a +2 shortbow (weapon)
Armour
 f - a +0 ring mail (worn)
 k - a +0 cloak (worn)
 l - a +0 pair of gloves (worn)
Jewellery
 d - an amulet of regeneration (around neck)
Wands
 b - a wand of polymorph (9)
 e - a wand of light (1)
Scrolls
 g - 2 scrolls of identify
Potions
 h - a potion of cancellation
 m - 4 potions of curing

Dungeon Overview and Level Annotations

Branches:
Dungeon (4/15)
 Temple: D:4-7

Altars:
Xom

Shops:
D:4 [


Message History

A wight comes into view. It is wielding a +3 battleaxe.
You shoot an arrow. The arrow hits the wight.
The wight is heavily damaged.
The wight hits you from afar with a +0 trident!
You feel drained.
You shoot an arrow. The arrow hits the wight.
The wight is severely damaged.
The wight hits you from afar with a +0 trident.
You feel drained.
You shoot an arrow. The arrow hits the wight.
The wight is almost destroyed.
The wight closely misses you.
You shoot an arrow. The arrow closely misses the wight.
The wight completely misses you.
You shoot an arrow. The arrow barely misses the wight.
The arrow hits the wight but does no damage.
The wight is almost destroyed.
The wight misses you. The wight closely misses you.
You shoot an arrow. The arrow hits the wight.
The wight is moderately damaged.
The wight barely misses you.
The wight hits you from afar with a +0 trident.
You shoot an arrow. The arrow hits the wight.
The wight is severely damaged.
The wight hits you but does no damage.
The wight hits you from afar with a +0 trident.
You shoot an arrow.
The arrow hits the wight but does no damage.
The wight is severely damaged.
The wight hits you with a +3 battleaxe!
The wight hits you from afar with a +0 trident.
You shoot an arrow. The arrow completely misses the wight.
The arrow closely misses the wight.
The wight hits you from afar with a +0 trident.
The wight closely misses you.
You shoot an arrow.
The arrow hits the wight but does no damage.
The wight is severely damaged.
The wight barely misses you. The wight hits you with a +3 battleaxe!
You die...

#.#.# #.
#.#.# #.
#.#.# #.
#.#.# #.
#.#.# ##
#.#.# #.#
#.# #@#
#z.......
.z.......
#.........
..........
.#.#.......
.#. #+#####
# #.


You could see 2 wights.

Vanquished Creatures
  A wight (D:4)
  A jelly (D:4)
  Natasha (thrice) (D:3)
  An orc wizard (D:3)
  2 adders
  A dart slug (D:2)
  A ribbon worm (D:4)
  9 orcs
  5 ball pythons
  2 endoplasms (D:2)
  A giant cockroach (D:1)
  3 goblins
  3 hobgoblins
  3 jackals (D:1)
  2 quokkas
  8 bats
  9 kobolds
  3 rats
58 creatures vanquished.

Notes
Turn   | Place    | Note
-------+----------+-------------------------------------------
     0 | D:1      | qw the Deep Elf Hunter began the quest for the Orb.
     0 | D:1      | Reached XP level 1. HP: 12/12 MP: 3/3
     0 | D:1      | 0 ||| qw: Version: 0.3-a-157-g843a77d
     0 | D:1      | 0 ||| qw: Game counter: 3701
     0 | D:1      | 0 ||| qw: Melee chars always use a shield: true
     0 | D:1      | 0 ||| qw: God list: Okawaru
     0 | D:1      | 0 ||| qw: Allow faded altars: false
     0 | D:1      | 0 ||| qw: Do Orc after clearing Dungeon:15 true
     0 | D:1      | 0 ||| qw: Do second Lair branch before Depths: true
     0 | D:1      | 0 ||| qw: Lair rune preference: random
     0 | D:1      | 0 ||| qw: Goals: Normal
     0 | D:1      | 0 ||| PLANNING D:1-11
    78 | D:1      | Reached skill level 6 in Ranged Weapons
    78 | D:1      | Reached XP level 2. HP: 16/16 MP: 4/4
   517 | D:1      | 517 ||| UPGRADING to +0 ring mail.
   527 | D:1      | 527 ||| DROPPING +0 leather armour.
   528 | D:1      | 528 ||| UPGRADING to +0 cloak.
   533 | D:1      | 533 ||| UPGRADING to +0 pair of gloves.
   538 | D:1      | 538 ||| UPGRADING to amulet of regeneration.
   543 | D:1      | 543 ||| READING scroll labelled VOWURHYROF.
   644 | D:1      | 644 ||| READING scroll labelled MICURHEIPH.
   644 | D:1      | 644 ||| ENCHANTING +0 shortbow.
   645 | D:1      | 645 ||| READING 2 scrolls labelled NAHIAT BENANN.
   650 | D:1      | 650 ||| READING scroll labelled BAKIAS QYELL.
   650 | D:1      | 650 ||| IDENTIFYING puce potion
   651 | D:1      | 651 ||| DRINKING 2 sedimented green potions.
   651 | D:1      | Gained mutation: Your health recovers twice as slowly from
                  | being drained. [potion of mutation]
   651 | D:1      | Gained mutation: You have a pair of small horns on your
                  | head. [potion of mutation]
   651 | D:1      | Gained mutation: You have hidden genetic defects. [potion
                  | of mutation]
   652 | D:1      | 652 ||| DROPPING scroll of butterflies.
   693 | D:2      | HP: 4/16 [adder (3)]
   694 | D:2      | 694 ||| READING scroll of teleportation.
   696 | D:2      | Gained mutation: You are weak. (Str -2) [hidden defects]
   704 | D:2      | Reached XP level 3. HP: 14/20 MP: 5/5
   714 | D:2      | Gained mutation: You are vulnerable to cold. (rC-) [hidden
                  | defects]
   714 | D:2      | Lost mutation: You have hidden genetic defects. [hidden
                  | defects expressed]
   721 | D:2      | 721 ||| DRINKING potion of mutation.
   721 | D:2      | Lost mutation: You have a pair of small horns on your head.
                  | [potion of mutation]
   721 | D:2      | Lost mutation: You are weak. (Str -2) [potion of mutation]
   721 | D:2      | Lost mutation: You are vulnerable to cold. (rC-) [potion of
                  | mutation]
   721 | D:2      | Gained mutation: You passively dampen the noise of your
                  | surroundings. [potion of mutation]
   721 | D:2      | Gained mutation: Your magical capacity is low. (-10% MP)
                  | [potion of mutation]
   721 | D:2      | Gained mutation: You are dopey. (Int -2) [potion of
                  | mutation]
   721 | D:2      | Gained mutation: You possess an exceptional clarity of
                  | mind. [potion of mutation]
   763 | D:2      | Found a faded altar of an unknown god.
   901 | D:2      | Reached skill level 7 in Ranged Weapons
  1033 | D:2      | 1033 ||| READING scroll labelled WIPNA OFODU.
  1034 | D:2      | 1034 ||| READING 3 scrolls labelled FIELOJ MOIH.
  1043 | D:2      | 1043 ||| DROPPING 2 scrolls of torment.
  1099 | D:3      | 1099 ||| FLEEEEING.
  1100 | D:3      | 1100 ||| FLEEEEING.
  1112 | D:3      | Reached XP level 4. HP: 14/25 MP: 5/5
  1278 | D:3      | 1278 ||| READING scroll of enchant weapon.
  1278 | D:3      | 1278 ||| ENCHANTING +1 shortbow.
  1391 | D:3      | You fall into a shaft and drop 1 floor!
  1402 | D:4      | Found Xiegip's Antique Armour Shop.
  1407 | D:4      | 1407 ||| SHOPLISTING pair of pitted boots (266 gold, have
                  | 145).
  1414 | D:4      | Reached skill level 8 in Ranged Weapons
  1448 | D:4      | 1448 ||| DROPPING +6 ring of intelligence.
  1449 | D:4      | 1449 ||| READING 4 scrolls of identify.
  1449 | D:4      | 1449 ||| IDENTIFYING brown potion
  1450 | D:4      | 1450 ||| READING 3 scrolls of identify.
  1450 | D:4      | 1450 ||| IDENTIFYING fuming dark potion
  1451 | D:4      | 1451 ||| READING 2 scrolls of identify.
  1451 | D:4      | 1451 ||| IDENTIFYING scroll labelled VUAREH LARI
  1452 | D:4      | 1452 ||| DROPPING potion of ambrosia.
  1453 | D:4      | 1453 ||| DROPPING scroll of revelation.
  1476 | D:3      | Found a shimmering altar of Xom.
  1478 | D:3      | Noticed Natasha
  1489 | D:3      | 1489 ||| ZAPPING wand of light (4) at 0,1 (Natasha; floor).
  1490 | D:3      | 1490 ||| ZAPPING wand of light (3) at 0,1 (Natasha; floor).
  1490 | D:3      | HP: 6/25 [orc/+0 flail (3)]
  1491 | D:3      | 1491 ||| READING 2 scrolls of teleportation.
  1492 | D:3      | 1492 ||| ZAPPING wand of light (2) at 0,1 (Natasha; floor).
  1492 | D:3      | Killed Natasha
  1493 | D:3      | Reached XP level 5. HP: 11/29 MP: 6/6
  1653 | D:3      | Noticed Natasha
  1660 | D:3      | HP: 7/29 [Natasha (3)]
  1661 | D:3      | 1661 ||| READING scroll of teleportation.
  1662 | D:3      | Killed Natasha
  1800 | D:3      | Noticed Natasha
  1804 | D:3      | Killed Natasha
  1805 | D:3      | Reached skill level 9 in Ranged Weapons
  2070 | D:4      | Reached XP level 6. HP: 12/36 MP: 7/7
  2102 | D:4      | HP: 6/34 [wight/+0 trident (6)]
  2104 | D:4      | Mangled by a wight

Levels and vault maps discovered:
D:1:      scummos_arrival_gate, layout_basic, corexii_corridor_pit
D:2:      layout_rooms, shapermc_ecumenical_altar_ellora
D:3:      layout_basic, xom_butterflies, corexii_item_surrounded_by_moat,
          uniq_natasha
D:4:      layout_basic, serial_shops, shop, hex_tiny, serial_bayou_lake_a

Skill      XL: |  1  2  3  4  5 |
---------------+----------------+-----
Ranged Weapons | 6 7 8 9 |  9.1
Fighting       | 2 |  2.3
Dodging        | |  2.4
Stealth        | |  1.2

Action                     |  1- 3 |  4- 6 || total
---------------------------+-------+-------++-------
   Fire: Shortbow          |   103 |    91 ||   194
  Evoke: Wand              |       |     3 ||     3
    Use: Scroll            |     7 |     6 ||    13
         Potion            |     2 |       ||     2
 Armour: Ring mail         |    33 |    31 ||    64
         Leather armour    |     6 |       ||     6
  Dodge: Dodged            |    22 |    25 ||    47

Table legend:
 A = Non-vault XP
 B = Vault XP
 C = Vault XP percentage of total XP
 D = Non-vault monster count
 E = Vault monster count
 F = Vault count percentage of total count
                 A         B        C        D         E       F
            +---------+---------+-------+---------+---------+-------
      Total |     349 |      35 |   9.1 |      57 |       1 |   1.7
            +---------+---------+-------+---------+---------+-------
        D:1 |      29 |       0 |   0.0 |      19 |       0 |   0.0
        D:2 |      38 |       0 |   0.0 |      14 |       0 |   0.0
        D:3 |     159 |      35 |  18.0 |      20 |       1 |   4.8
        D:4 |     123 |       0 |   0.0 |       4 |       0 |   0.0
            +---------+---------+-------+---------+---------+-------
